 Dungeon Crawl Stone Soup version 0.32-a0-909-gc671339a80 (webtiles) character file.

Game seed: 16379801179411030977

6860 P0WERM0DE the Cleaver (level 11, -5/89 HPs)
             Began as a Coglin Chaos Knight on Apr 7, 2024.
             Was a Priest of Cheibriados.
             Slain by Urug the death drake (8 damage)
             ... on level 10 of the Dungeon.
             The game lasted 00:15:52 (4035 turns).

P0WERM0DE the Cleaver (Coglin Chaos Knight)         Turns: 4035, Time: 00:15:52

Health: -5/89      AC:  8    Str: 20    XL:     11   Next: 6%
Magic:  15/15      EV: 16    Int: 25    God:    Cheibriados [***...]
Gold:   189        SH:  0    Dex: 21    Spells: 3/10 levels left

rFire   . . .        p - +2 mace (venom) {Lucía}
rCold   + + +        b - +5 whip "Dydanel" {freeze, rN++}
rNeg    + + .        i - +0 robe of the Equator {rC+++ Will- Regen+ Stlth+}
rPois   .            A - +2 helmet
rElec   .            v - +2 cloak
rCorr   .            (no gloves)
SInv    .            (no boots)
Will    .....        (amulet unavailable)
Stlth   ++           (ring unavailable)
HPRegen 1.14/turn    (ring unavailable)
MPRegen 0.14/turn    (no gizmo)

%: no passive effects
@: confused, lethally poisoned (-5 -> -44), ambrosia-drunk, slowed, very slow
A: off-hand wielding, slow wielding, warmup strikes, no jewellery
a: Invent Gizmo, Renounce Religion, Bend Time, Temporal Distortion


You were on level 10 of the Dungeon.
You worshipped Cheibriados.
Cheibriados was most pleased with you.
You visited 1 branch of the dungeon, and saw 11 of its levels.

You collected 376 gold pieces.
You spent 187 gold pieces at shops.

Inventory:

Hand Weapons
 a - a +0 hand axe of chaos {Minjee}
 b - the +5 whip "Dydanel" (offhand) {freeze, rN++}
   (You found it on level 2 of the Dungeon)

   rN++:      It greatly protects you from negative energy.
 e - a +3 scimitar of flaming
   (You took it off Erica on level 8 of the Dungeon)
 p - a +2 mace of venom (weapon) {Lucía}
   (You found it on level 5 of the Dungeon)
 u - a +1 battleaxe of freezing
   (You found it on level 7 of the Dungeon)
 w - a +0 trident of freezing
   (You took it off a gnoll sergeant on level 6 of the Dungeon)
Missiles
 d - 19 poisoned darts (quivered)
 f - 2 silver javelins
 y - 3 throwing nets
Armour
 i - the +0 robe of the Equator (worn) {rC+++ Will- Regen+ Stlth+}
   (You found it on level 2 of the Dungeon)

   rC+++:     It renders you almost immune to cold.
   Will-:     It decreases your willpower.
   Regen+:    It increases your rate of health regeneration.
   Stlth+:    It makes you more stealthy.
 o - the +2 ring mail of Immorality {^Drain rPois rC+ Int+6}
   (You found it on level 5 of the Dungeon)

   Int+6:     It affects your intelligence (+6).
   rC+:       It protects you from cold.
   rPois:     It protects you from poison.
   ^Drain:    It drains your maximum health when unequipped.
 v - a +2 cloak (worn)
   (You bought it in a shop on level 6 of the Dungeon)
 x - a +1 ring mail of cold resistance
   (You took it off a gnoll sergeant on level 6 of the Dungeon)
 A - a +2 helmet (worn)
   (You found it on level 7 of the Dungeon)
Magical Staves
 r - a staff of death
   (You found it on level 10 of the Dungeon)
Wands
 z - a wand of iceblast (4)
   (You found it on level 10 of the Dungeon)
Scrolls
 c - a scroll of butterflies
 g - 2 scrolls of poison
 h - 2 scrolls of revelation
 k - a scroll of silence
 n - a scroll of fog
 q - a scroll of amnesia
 t - 2 scrolls of teleportation
Potions
 m - a potion of enlightenment {unknown}
 s - a potion of ambrosia


   Skills:
 * Level 9.0 Fighting
 * Level 9.1 Axes
 - Level 1.7 Armour
 - Level 7.0 Dodging
 * Level 5.4 Invocations
 - Level 7.0 Evocations


You had 3 spell levels left.
You knew the following spells:

 Your Spells              Type           Power      Damage    Failure   Level
a - Vhi's Electric Charg  Tloc/Air       0%         N/A       80%         4
f - Passwall              Erth           0%         N/A       38%         3

Your spell library contained the following spells:

 Spells                   Type           Power      Damage    Failure   Level
 Foxfire                  Conj/Fire      0%         2x1d4     14%         1
 Necrotise                Necr           0%         1d4       14%         1
 Sandblast                Erth           0%         2d4       14%         1
 Stone Arrow              Conj/Erth      0%         3d7       38%         3
 Vampiric Draining        Necr           0%         2d6       38%         3
 Volatile Blastmotes      Fire/Tloc      0%         2d10      38%         3
 Brom's Barrelling Bould  Conj/Erth      0%         2d3       80%         4
 Martyr's Knell           Necr/Summ      0%         N/A       80%         4
 Curse of Agony           Necr           0%         N/A       98%         5
 Bombard                  Conj/Erth      0%         9d1       100%        6
 Plasma Beam              Fire/Air       0%         2x1d10    100%        6
 Starburst                Conj/Fire      0%         6d3       100%        6


Dungeon Overview and Level Annotations

Branches:
Dungeon (11/15)
 Temple: D:4-7         Lair: D:8-11         Orc: D:9-12

Altars:
Ashenzari
Cheibriados
Fedhas
Nemelex Xobeh
Qazlal
Ru
Wu Jian

Shops:
D:5 :   D:6 [

Annotations:
D:10 3 runed translucent doors, Ananasrisotto's ghost, novice OnWr; Urug


Innate Abilities, Weirdness & Mutations

You can wield a second weapon in your off-hand.
It takes a long time for you to wield or remove held weapons.
Your first few attacks do less damage.
You cannot equip rings or amulets.


Message History

Aim: Urug, wielding a +1 great sword of holy wrath, wearing a +0 scale mail and quivering silver javelins (will become a cyclops, a redback, or a death drake, chance to affect: 49%) Urug resists with some effort.
Urug screams, "Bird-brain!"
Urug completely misses you.
Aiming: Polymorph
Press: ? - help, Shift-Dir - straight line, f/p - Urug
Aim: Urug, wielding a +1 great sword of holy wrath, wearing a +0 scale mail and quivering silver javelins (will become a cyclops, a redback, or a death drake, chance to affect: 49%) Urug resists with some effort.
You feel sick.
Urug hits you with a +1 great sword of holy wrath!
In 3 experience levels, you will have learned enough to assemble a masterpiece.
Aiming: Polymorph
Press: ? - help, Shift-Dir - straight line, f/p - Urug
Aim: Urug, wielding a +1 great sword of holy wrath, wearing a +0 scale mail and quivering silver javelins (will become a cyclops, a redback, or a death drake, chance to affect: 49%) Urug resists with some effort.
You feel sick. Urug misses you.
Aiming: Polymorph
Press: ? - help, Shift-Dir - straight line, f/p - Urug
Aim: Urug, wielding a +1 great sword of holy wrath, wearing a +0 scale mail and quivering silver javelins (will become a cyclops, a redback, or a death drake, chance to affect: 49%) Urug evaporates and reforms as a death drake!
The now-empty wand crumbles to dust.
Urug breathes miasma at you. The foul vapour engulfs you!!
You are more poisoned.
* * * LOW HITPOINT WARNING * * *
It was a potion of ambrosia.
You are confused.
You feel invigorated.
You are engulfed in dark miasma.
You are more poisoned.
You feel yourself slow down.
* * * LOW HITPOINT WARNING * * *
x2 You feel extremely sick.
Urug bites you.
* * * LOW HITPOINT WARNING * * *
It was a potion of heal wounds.
You feel much better.
You are engulfed in dark miasma.
You are more poisoned.
* * * LOW HITPOINT WARNING * * *
x2 You feel extremely sick.
Urug misses you. Urug bites you!
You die...
Cheibriados appreciates the motionlessness of death.

##.#.......# #.#
#..........# ###.####
##.#.......# #.. ...#
####.......# #.#.##.#
# #.......####.#.##.#
# #########..°°..##.#
#.......#.##°####.#
#.# #.#.##°####°#
####.#####.#.##k@°°°.#
........##.#.#########
.##>.#..##.#.#
...........).#
.#####.####### .# #.#
.. ..# ### ####


You could see Urug the death drake (catching breath).

Vanquished Creatures
  Harold (D:10)
  Erica (D:8)
  A two-headed ogre (D:7)
  Maurice (D:8)
  An unseen horror (D:10)
  A wraith (D:10)
  9 yaks (D:10)
  2 swamp worms (D:10)
  2 water moccasins
  An orc warrior (D:7)
  2 black bears
  3 ogres
  2 centaurs
  A phantom (D:3)
  A kobold brigand (D:5)
  Blork the orc (D:6)
  5 bullfrogs
  A gnoll sergeant (D:6)
  A scorpion (D:6)
  3 wights (D:9)
  3 electric eels (D:7)
  3 howler monkeys
  2 bombardier beetles
  A hound (D:7)
  An orc priest (D:9)
  A gnoll bouda (D:7)
  3 jellies
  Ijyb (D:4)
  Natasha (thrice) (D:4)
  3 iguanas
  4 orc wizards
  Robin (D:4)
  15 gnolls
  8 adders
  A shadow imp (D:5)
  2 white imps
  4 ufetubi (D:6)
  A dart slug (D:4)
  2 ribbon worms
  13 orcs
  9 ball pythons
  4 bats
  6 endoplasms
  3 giant cockroaches
  7 goblins
  10 hobgoblins
  3 jackals (D:3)
  4 quokkas
  8 kobolds
  3 rats (D:2)
169 creatures vanquished.

Vanquished Creatures (others)
  A kobold (D:5)
1 creature vanquished.

Grand Total: 170 creatures vanquished

Notes
Turn   | Place    | Note
-------+----------+-------------------------------------------
     0 | D:1      | P0WERM0DE the Coglin Chaos Knight began the quest for the
                  | Orb.
     0 | D:1      | Reached XP level 1. HP: 18/18 MP: 1/1
   135 | D:1      | XOM: butterfly on damage
   136 | D:1      | XOM: silly message
   141 | D:1      | Reached XP level 2. HP: 3/24 MP: 2/2
   260 | D:1      | Reached XP level 3. HP: 29/29 MP: 3/3
   311 | D:1      | Found a faded altar of an unknown god.
   384 | D:1      | Prayed at the altar of an unknown god.
   384 | D:1      | Fell from the grace of Xom
   384 | D:1      | Became a worshipper of Cheibriados the Contemplative
   384 | D:1      | Reached * piety under Cheibriados
   611 | D:2      | Reached XP level 4. HP: 37/37 MP: 4/4
   624 | D:2      | Reached ** piety under Cheibriados
   636 | D:2      | Identified the +0 robe of the Equator {rC+++ Will- Regen+
                  | Stlth+}
   689 | D:2      | Identified the +5 whip "Dydanel" {freeze, rN++}
   758 | D:3      | Noticed a phantom
   766 | D:3      | Killed a phantom
   767 | D:3      | Reached skill level 1 in Dodging
   767 | D:3      | Reached XP level 5. HP: 38/43 MP: 5/5
   933 | D:4      | XOM: 2-stop teleportation journey
   969 | D:4      | Noticed Natasha
   976 | D:4      | Killed Natasha
   995 | D:4      | XOM: noise
   996 | D:4      | Noticed Ijyb
  1008 | D:4      | Killed Ijyb
  1009 | D:4      | Reached XP level 6. HP: 34/50 MP: 6/6
  1013 | D:4      | Reached *** piety under Cheibriados
  1043 | D:4      | Noticed Natasha
  1060 | D:4      | Killed Natasha
  1061 | D:4      | Reached skill level 5 in Fighting
  1062 | D:4      | Noticed Robin
  1068 | D:4      | Killed Robin
  1069 | D:4      | Reached skill level 5 in Axes
  1069 | D:4      | Reached skill level 1 in Evocations
  1117 | D:5      | Entered Level 5 of the Dungeon
  1130 | D:5      | Noticed an ice beast
  1178 | D:5      | Identified the +2 ring mail of Immorality {^Drain rPois rC+
                  | Int+6}
  1208 | D:5      | Found Imaska's Self-Published Books.
  1217 | D:4      | Noticed Natasha
  1232 | D:4      | Reached XP level 7. HP: 39/56 MP: 7/7
  1300 | D:4      | Killed Natasha
  1409 | D:5      | Found a sparkling altar of Nemelex Xobeh.
  1448 | D:5      | XOM: silly message
  1450 | D:5      | Reached **** piety under Cheibriados
  1557 | D:6      | Reached XP level 8. HP: 62/64 MP: 8/8
  1673 | D:6      | XOM: noise
  1769 | D:6      | XOM: divination: detect creatures
  1836 | D:6      | Noticed Blork the orc
  1839 | D:6      | Found Enusas's Antique Armour Shop.
  1844 | D:6      | Killed Blork the orc
  1983 | D:7      | XOM: silly message
  2007 | D:7      | Reached skill level 1 in Invocations
  2022 | D:7      | Reached skill level 5 in Evocations
  2160 | D:6      | Bought a runed cloak for 187 gold pieces
  2181 | D:7      | Reached XP level 9. HP: 61/71 MP: 10/10
  2495 | D:7      | Learned a level 3 spell: Passwall
  2500 | D:7      | Learned a level 4 spell: Vhi's Electric Charge
  2587 | D:7      | XOM: silly message
  2589 | D:7      | Reached skill level 5 in Dodging
  2734 | D:7      | XOM: silly message
  2796 | D:8      | Noticed a two-headed ogre
  2797 | D:8      | Noticed Erica
  2803 | D:7      | Killed a two-headed ogre
  2835 | D:8      | HP: 2/72 [something (4)]
  2842 | D:8      | Killed Erica
  2843 | D:8      | Reached XP level 10. HP: 21/80 MP: 12/12
  2889 | D:8      | XOM: divination: magic mapping
  2906 | D:8      | Noticed Maurice
  2922 | D:8      | Killed Maurice
  3096 | D:9      | Found a blossoming altar of Fedhas.
  3108 | D:10     | Entered Level 10 of the Dungeon
  3186 | D:10     | Found a sacrificial altar of Ru.
  3189 | D:10     | Found a runed translucent gate.
  3189 | D:10     | Found a runed translucent gate.
  3189 | D:10     | Found a runed translucent gate.
  3189 | D:10     | Noticed Ananasrisotto's ghost (novice OnWr)
  3189 | D:10     | Noticed a nine-headed hydra
  3189 | D:10     | Noticed a 12-headed hydra
  3280 | D:10     | HP: 1/82 [swamp worm (8)]
  3395 | D:10     | Reached skill level 5 in Invocations
  3493 | D:9      | Found an ornate altar of the Wu Jian Council.
  3542 | D:9      | XOM: silly message
  3543 | D:8      | Found a broken altar of Ashenzari.
  3543 | D:8      | Found a stormy altar of Qazlal.
  3639 | D:10     | XOM: silly message
  3957 | D:10     | Noticed Harold
  3981 | D:10     | Killed Harold
  3982 | D:10     | Reached XP level 11. HP: 48/87 MP: 14/14
  4019 | D:11     | XOM: noise
  4023 | D:11     | Noticed Urug
  4033 | D:10     | Urug changed into Urug the death drake
  4033 | D:10     | Noticed Urug
  4034 | D:10     | HP: 4/89 [poisoned by Urug (dark miasma)]
  4035 | D:10     | Slain by Urug the death drake

Illustrated notes

Levels and vault maps discovered:
D:1:      psy_arrival_basics, layout_loops_ring,
          shapermc_ecumenical_altar_flowoftime, roderic_roman_lattice
D:2:      layout_rooms, serial_shops, shop, minmay_misc_feat_hallway
D:3:      layout_loops_cross, palyth_stone_intersect, uniq_crazy_yiuf_cottage
D:4:      layout_loops_ring, nzn_hepliaklqana_mist_gate, uniq_ijyb, uniq_robin,
          uniq_natasha
D:5:      layout_loops_ring, mainiacjoe_overflow_alcove_4,
          kennysheep_little_box, zin_angel, minmay_temple_entry_stoned_glass,
          nicolae_custom_books, minmay_stone_trees_small,
          hangedman_abyss_or_decor_stagger, nicolae_nh_ransacked_shop
D:6:      layout_layer_cave, serial_shops, nicolae_stop_n_shop_1,
          kennysheep_generic_room_16, uniq_blork_the_orc
D:7:      layout_loops_ring, serial_bayou_lagoon_b
D:8:      layout_basic, nicolae_overflow_hidden_temple, uniq_maurice, uniq_erica
D:9:      layout_basic, fedhas_altar_fruit_tree, trog_hazing_becter,
          mainiacjoe_overflow_cross_hatched, orc_0_dummy
D:10:     layout_loops_cross, overflow_temple_1_default,
          gammafunk_ghost_hydra_chop, chequers_serial_rivers_micro_b,
          worms_lemuel, uniq_harold
D:11:     minmay_chopped_fan, layout_stronghold, david_lair_generic,
          uniq_erolcha, uniq_urug

Skill      XL: |  1  2  3  4  5  6  7  8  9 10 11 |
---------------+----------------------------------+-----
Fighting       | 4 5 6 7 8 9 |  9.0
Axes           | 4 5 6 7 9 |  9.1
Dodging        | 1 2 3 4 5 7 |  7.0
Evocations     | 2 4 5 7 |  7.0
Invocations    | 1 3 5 |  5.4
Armour         | |  1.7

Action                     |  1- 3 |  4- 6 |  7- 9 | 10-12 || total
---------------------------+-------+-------+-------+-------++-------
  Melee: Hand axe          |    48 |       |       |       ||    48
         Dagger            |    72 |       |       |       ||    72
         Spear             |    28 |    19 |       |       ||    47
         Trident           |    18 |    87 |       |       ||   105
         Whip              |       |    62 |   112 |   100 ||   274
         Mace              |       |     5 |   113 |    96 ||   214
         Unarmed           |       |       |       |     8 ||     8
  Throw: Dart              |       |     5 |     8 |     2 ||    15
 Invoke: Slouch            |       |       |     3 |     3 ||     6
  Evoke: Wand              |       |       |     5 |     6 ||    11
    Use: Scroll            |       |       |     7 |     4 ||    11
         Potion            |       |       |    11 |     2 ||    13
   Stab: Sleeping          |     1 |    12 |     2 |     3 ||    18
 Armour: Leather armour    |    46 |     4 |       |       ||    50
         Robe              |       |    38 |   125 |    76 ||   239
         Skin              |       |       |       |     3 ||     3
  Dodge: Dodged            |    45 |    42 |   109 |    82 ||   278

Table legend: (Time is in decaauts)
 A = Elapsed time spent in this place.
 B = Non-inter-level travel time spent in this place.
 C = Inter-level travel time spent in this place.
 D = Time resting spent in this place.
 E = Time spent auto-exploring this place.
 F = Levels seen in this place.
 G = Mean time per level.
                   A        B        C        D        E       F      G
               +--------+--------+--------+--------+--------+-----+--------+
         Total |   6024 |   5576 |    448 |     56 |   1031 |  11 |  547.6 |
       Dungeon |   6024 |   5576 |    448 |     56 |   1031 |  11 |  547.6 |
               +--------+--------+--------+--------+--------+-----+--------+

Top non-repeatable levels by time:
    D:10: 1256 daAuts
     D:6: 1142 daAuts
     D:7: 793 daAuts
     D:1: 638 daAuts
     D:5: 518 daAuts
     D:9: 482 daAuts
     D:4: 470 daAuts
     D:8: 294 daAuts
     D:2: 213 daAuts
     D:3: 204 daAuts
    D:11: 10 daAuts
